 Dungeon Crawl Stone Soup version 0.24-a0-136-gad582e5 (webtiles) character file.

Game seed: 3096303834325085765

148 w00t the Chopper (level 5, -3/27 HPs)
             Began as a Vine Stalker Fighter on Mar 1, 2019.
             Was an Initiate of the Shining One.
             Slain by Crazy Yiuf
             ... wielding a +4 quarterstaff of chaos
              (6 damage)
             ... on level 2 of the Dungeon.
             The game lasted 00:01:17 (2564 turns).

w00t the Chopper (Vine Stalker Fighter)             Turns: 2564, Time: 00:01:18

Health: -3/27      AC:  8    Str: 19    XL:     5   Next: 30%
Magic:  0/6        EV:  4    Int:  8    God:    the Shining One [......]
Gold:   41         SH:  9    Dex: 14    Spells: 4/4 levels left

rFire    . . .     SeeInvis .   a - +0 war axe
rCold    . . .     Gourm    .   c - +0 shield
rNeg     . . .     Faith    .   i - +0 chain mail
rPois    .         Spirit   +   (no helmet)
rElec    .         Reflect  .   (no cloak)
rCorr    .         Harm     .   (no gloves)
MR       +....                  (no boots)
Stlth    ..........             (no amulet)
HPRegen  0.49/turn              g - ring of protection from magic {MR+, !d}
MPRegen  0.10/turn              (no ring)

@: glowing
A: fangs 2, regeneration 1, magic shield, antimagic bite, no potion heal 3, rot
immunity
a: Renounce Religion


You were on level 2 of the Dungeon.
You worshipped the Shining One.
The Shining One was noncommittal.
You were hungry.

You visited 1 branch of the dungeon, and saw 2 of its levels.

You collected 41 gold pieces.

Inventory:

Hand Weapons
 a - a +0 war axe (weapon)
Missiles
 e - 103 stones (quivered)
Armour
 b - a +0 scale mail
 c - a +0 shield (worn)
 i - a +0 chain mail (worn)
Jewellery
 g - a ring of protection from magic (left hand) {MR+, !d}
Wands
 m - a wand of enslavement (10)
Scrolls
 j - a scroll of remove curse {unknown}
 k - a scroll of amnesia {unknown}
 n - a scroll of fog {unknown}
 p - 2 scrolls of immolation {unknown}
 r - a scroll of identify {unknown}
 s - a scroll of fear {unknown}
 t - a scroll of magic mapping {unknown}
Potions
 d - a potion of might
 h - a potion of degeneration {unknown}
 l - a potion of curing {unknown}
 o - a potion of cancellation {unknown}
Comestibles
 f - 5 rations


   Skills:
 - Level 2.6 Fighting
 * Level 4.8 Axes
 - Level 2.4 Armour
 - Level 2.6 Shields


You had 4 spell levels left.
You didn't know any spells.
Your spell library was empty.

Dungeon Overview and Level Annotations

Branches:
Dungeon (2/15)

Altars:
The Shining One

Annotations:
D:2 Crazy Yiuf


Innate Abilities, Weirdness & Mutations

You have extremely sharp teeth.
Your natural rate of healing is unusually fast.
When hurt, damage is shared between your health and your magic reserves.
Your bite disrupts and absorbs the magic of your enemies.
Potions cannot restore your health.
You are immune to rotting.


Message History

* * * LOW HITPOINT WARNING * * *
You hit Crazy Yiuf. Your bite misses Crazy Yiuf.
Crazy Yiuf is lightly wounded.
Crazy Yiuf zaps a wand.
You block the puff of flame.
You closely miss Crazy Yiuf. You bite Crazy Yiuf. You drain his power.
You feel invigorated.
Crazy Yiuf is moderately wounded.
You block Crazy Yiuf's attack.
You barely miss Crazy Yiuf. You bite Crazy Yiuf. You drain his power.
Crazy Yiuf is moderately wounded.
Crazy Yiuf barely misses you.
You barely miss Crazy Yiuf. Your bite misses Crazy Yiuf.
Crazy Yiuf is moderately wounded.
Crazy Yiuf hits you but does no damage.
You are electrocuted!
* * * LOW HITPOINT WARNING * * *
You block Crazy Yiuf's attack.
Your shield and chain mail prevent you from hitting Crazy Yiuf.
Crazy Yiuf is moderately wounded.
Crazy Yiuf hits you with a +4 quarterstaff of chaos.
You die...

#....#####......# ###
#.##..........#.#######.##
###.#######...#............#
#...# ##################
#.### #.# #.# #### ♣♣####
#.# #)..#♣♣ ♣♣..#.### #.#
#..g@.♣♣♣♣.......# #.####
#...#♣..♣......#.# .....#
### #### ♣♣♣.♣...###.#
#..#.# ##.# ♣♣♣♣♣## #.#
#....###..# ###.#
.......'..########
######...#
.....###.........#
#........# .#.#.#
##.......## ##.#######
.###.# ##.....## #.#


You could see Crazy Yiuf.

Vanquished Creatures
  A crimson imp (D:2)
  An adder (D:2)
  3 oozes
  4 worms (D:2)
  6 dart slugs
  2 leopard geckos (D:2)
  2 ball pythons
  9 bats
  A giant cockroach (D:1)
  5 goblins
  10 hobgoblins
  3 jackals (D:2)
  2 quokkas (D:2)
  2 frilled lizards (D:2)
  6 kobolds
  6 rats
63 creatures vanquished.

Notes
Turn   | Place    | Note
-------+----------+-------------------------------------------
     0 | D:1      | w00t the Vine Stalker Fighter began the quest for the Orb.
     0 | D:1      | Reached XP level 1. HP: 11/11 MP: 2/2
    33 | D:1      | Reached skill level 2 in Axes
   290 | D:1      | Reached XP level 2. HP: 16/16 MP: 3/3
   393 | D:1      | Reached skill level 3 in Axes
   402 | D:1      | Reached XP level 3. HP: 16/19 MP: 4/4
  1306 | D:2      | Found a glowing golden altar of the Shining One.
  1483 | D:2      | Gained mutation: Your natural rate of healing is unusually
                  | fast. [Vine Stalker growth]
  1483 | D:2      | Reached XP level 4. HP: 23/23 MP: 5/5
  1681 | D:2      | Reached skill level 4 in Axes
  1750 | D:2      | Became a worshipper of the Shining One
  1936 | D:2      | Reached XP level 5. HP: 27/27 MP: 6/6
  2463 | D:2      | Found a runed translucent door.
  2464 | D:2      | Noticed Crazy Yiuf
  2564 | D:2      | Slain by Crazy Yiuf

Levels and vault maps discovered:
D:1:      shiori_arrival_maze, layout_basic, wad_floor_pattern_2
D:2:      layout_loops_corners, grunt_ministairs_4, tso_altar,
          uniq_crazy_yiuf_cottage

Skill      XL: |  1  2  3  4 |
---------------+-------------+-----
Axes           | 2 3 4 |  4.8
Fighting       | |  2.6
Armour         | |  2.4
Shields        | |  2.6

Action                   |  1- 3 |  4- 6 || total
-------------------------+-------+-------++-------
Melee: War axe           |    88 |    96 ||   184
       Bite              |    22 |    29 ||    51
Throw: Stone             |    92 |    75 ||   167
  Eat: Chunk             |     1 |     4 ||     5
Armor: Scale mail        |    12 |       ||    12
       Chain mail        |    40 |    34 ||    74
Dodge: Dodged            |    26 |    12 ||    38
Block: Shield            |    50 |    34 ||    84

Table legend:
 A = Non-vault XP
 B = Vault XP
 C = Vault XP percentage of total XP
 D = Non-vault monster count
 E = Vault monster count
 F = Vault count percentage of total count
                 A         B        C        D         E       F
            +---------+---------+-------+---------+---------+-------
      Total |     203 |       9 |   4.2 |      60 |       3 |   4.8
            +---------+---------+-------+---------+---------+-------
        D:1 |      54 |       5 |   8.5 |      23 |       2 |   8.0
        D:2 |     149 |       4 |   2.6 |      37 |       1 |   2.6
            +---------+---------+-------+---------+---------+-------
